 Dungeon Crawl Stone Soup version 0.22-a0-605-g9281fa2 (webtiles) character file.

1995 royokou the Cleaver (level 9, -5/72 HPs)
             Began as a Minotaur Fighter on July 8, 2018.
             Was a Follower of Makhleb.
             Killed from afar by an electric eel (13 damage)
             ... with a bolt of electricity
             ... on level 6 of the Dungeon.
             The game lasted 00:09:06 (4810 turns).

royokou the Cleaver (Minotaur Fighter)              Turns: 4810, Time: 00:09:06

Health: -5/72      AC: 12    Str: 20    XL:     9   Next: 1%
Magic:  8/8        EV:  4    Int:  5    God:    Makhleb [*.....]
Gold:   322        SH:  9    Dex: 14    Spells: 8/8 levels left

rFire    . . .     SeeInvis .   a - +0 war axe
rCold    . . .     Gourm    .   c - +0 shield
rNeg     . . .     Faith    .   u - +0 plate armour
rPois    +         Spirit   .   (helmet restricted)
rElec    .         Reflect  .   p - +0 cloak
rCorr    .         Harm     .   (no gloves)
MR       +....                  (no boots)
Stlth    ..........             (no amulet)
HPRegen  0.22/turn              m - ring of protection from magic
MPRegen  0.11/turn              t - ring of poison resistance

@: no status effects
A: retaliatory headbutt, horns 2
a: Renounce Religion


You were on level 6 of the Dungeon.
You worshipped Makhleb.
Makhleb was aware of your devotion.
You were not hungry.

You visited 2 branches of the dungeon, and saw 7 of its levels.

You collected 322 gold pieces.

Inventory:

Hand Weapons
 a - a +0 war axe (weapon)
 y - a +2 flail of holy wrath
Armour
 c - a +0 shield (worn)
 p - a +0 cloak (worn)
 u - a +0 plate armour (worn)
Jewellery
 m - a ring of protection from magic (left hand)
 t - a ring of poison resistance (right hand)
Wands
 b - a wand of disintegration (7)
 w - a wand of flame (38)
 x - a wand of acid (3)
 z - a wand of digging (27)
Scrolls
 e - 2 scrolls of teleportation {unknown}
 g - 3 scrolls of amnesia {unknown}
 h - 3 scrolls of immolation {unknown}
 i - 16 scrolls of identify {unknown}
 k - 2 scrolls of fear {unknown}
 q - 2 scrolls of remove curse {unknown}
 v - 2 scrolls of fog {unknown}
 B - a scroll of enchant weapon {unknown}
Potions
 d - a potion of might
 j - a potion of ambrosia {unknown}
 l - a potion of magic {unknown}
 n - 3 potions of flight {unknown}
 o - a potion of lignification {unknown}
 r - 3 potions of invisibility {unknown}
 s - 3 potions of curing {unknown}
 A - a potion of haste {unknown}
 C - a potion of mutation {unknown}
Comestibles
 f - 11 rations


   Skills:
 + Level 4.3 Fighting
 * Level 13.3 Axes
 - Level 3.6 Armour
 + Level 1.8 Dodging
 - Level 3.6 Shields


You had 8 spell levels left.
You didn't know any spells.
Your spell library contained the following spells:

 Spells                   Type           Power        Failure   Level  Hunger
 Lightning Bolt           Conj/Air       #.........   100%        5    ######.
 Shock                    Conj/Air       #...         100%        1    ##.....
 Swiftness                Chrm/Air       #.......     100%        2    ###....
 Airstrike                Air            #.........   100%        4    #####..
 Static Discharge         Conj/Air       #.......     100%        3    ####...


Dungeon Overview and Level Annotations

Branches:
Dungeon (6/15)             Temple (1/1) D:5

Altars:
Kikubaaqudgha
Makhleb
Okawaru
Qazlal
Vehumet
Wu Jian
Xom
Zin

Shops:
D:5 *


Innate Abilities, Weirdness & Mutations

You reflexively headbutt those who attack you in melee.
You have a pair of horns on your head.


Message History

Your shield and plate armour prevent you from hitting the electric eel.
The electric eel shoots out a bolt of lightning at you!
The bolt of electricity hits you!
You closely miss the electric eel. Your headbutt misses the electric eel.
You hit the electric eel.
The electric eel is lightly wounded.
The electric eel shoots out a bolt of lightning at you!
The bolt of electricity hits you!
Your plate armour prevents you from hitting the electric eel.
Your headbutt misses the electric eel.
The electric eel is lightly wounded.
The electric eel shoots out a bolt of lightning at you!
The bolt of electricity hits you!
* * * LOW HITPOINT WARNING * * *
The electric eel shoots out a bolt of lightning at you!
The bolt of electricity hits you!
* * * LOW HITPOINT WARNING * * *
The electric eel shoots out a bolt of lightning at you!
The bolt of electricity hits you!
You die...

≈≈≈≈≈≈≈P.# #.##
≈≈.≈≈≈≈≈.## ≈#..#
≈≈#≈≈≈#≈≈.## ≈##..#
.###.###≈≈≈# #≈##..#
..#...#...≈# #####.#
#.##
...........###....#
###
...........#.'....#
...........'.'....#
...........###..@.##
..#...#....#
#####.##
.###.###.≈## ##;#
≈≈#≈≈≈#.≈≈# #≈≈##
≈≈.≈≈≈≈≈≈##
#≈≈≈###### ≈≈≈≈.≈#.#
#≈≈≈#...)# ≈≈≈.#..##
#≈≈≈####.# ..P## ##
≈≈≈≈≈# #.# ...#
≈≈≈≈≈≈# #>#


You could see an electric eel.

Vanquished Creatures
  Menkaure (D:5)
  3 sky beasts (D:6)
  An ice beast (D:6)
  An orc warrior (D:6)
  A phantom (D:5)
  An ogre (D:6)
  A centaur (D:5)
  A bullfrog (D:6)
  A gnoll sergeant (D:6)
  A scorpion (D:5)
  4 killer bees (D:6)
  An electric eel (D:6)
  2 crimson imps (D:5)
  A centaur zombie (D:6)
  A hound (D:4)
  A jelly (D:6)
  3 orc priests
  A bullfrog skeleton (D:5)
  2 iguanas (D:6)
  4 orc wizards
  2 worker ants
  7 gnolls
  9 adders
  A shadow imp (D:5)
  An ooze (D:3)
  3 worms
  8 dart slugs
  3 leopard geckos
  16 orcs
  2 ball pythons
  8 bats
  4 giant cockroaches
  7 goblins
  14 hobgoblins
  9 jackals
  13 kobolds
  4 quokkas
  A ball python zombie (D:5)
  4 frilled lizards
  2 giant cockroach zombies
  A leopard gecko skeleton (D:6)
  A leopard gecko zombie (D:6)
  10 rats
162 creatures vanquished.

Vanquished Creatures (others)
  4 plants (D:6)
4 creatures vanquished.

Grand Total: 166 creatures vanquished

Notes
Turn   | Place    | Note
-------+----------+-------------------------------------------
     0 | D:1      | royokou the Minotaur Fighter began the quest for the Orb.
     0 | D:1      | Reached XP level 1. HP: 19/19 MP: 0/0
    45 | D:1      | Reached skill level 3 in Axes
    52 | D:1      | Reached XP level 2. HP: 19/26 MP: 1/1
   365 | D:1      | Reached skill level 4 in Axes
   413 | D:1      | Reached XP level 3. HP: 25/31 MP: 2/2
  1073 | D:2      | Reached skill level 5 in Axes
  1151 | D:2      | Reached XP level 4. HP: 36/39 MP: 3/3
  1578 | D:3      | Reached skill level 6 in Axes
  1680 | D:3      | Reached XP level 5. HP: 39/45 MP: 4/4
  2022 | D:3      | Reached skill level 7 in Axes
  2393 | D:4      | Found a radiant altar of Vehumet.
  2407 | D:4      | Reached XP level 6. HP: 15/51 MP: 5/5
  2782 | D:5      | Entered Level 5 of the Dungeon
  2788 | D:5      | Reached skill level 8 in Axes
  2945 | D:5      | Reached skill level 9 in Axes
  2983 | D:5      | Reached XP level 7. HP: 54/57 MP: 6/6
  3055 | D:5      | Found an iron altar of Okawaru.
  3239 | D:5      | Found Viosypot's Assorted Antiques.
  3288 | D:5      | Reached skill level 10 in Axes
  3315 | D:5      | Found a staircase to the Ecumenical Temple.
  3334 | Temple   | Entered the Ecumenical Temple
  3341 | Temple   | Became a worshipper of Makhleb the Destroyer
  3396 | D:5      | Noticed Menkaure
  3398 | D:5      | Killed Menkaure
  3414 | D:5      | Found an ornate altar of the Wu Jian Council.
  3632 | D:6      | Reached skill level 11 in Axes
  3654 | D:6      | Reached XP level 8. HP: 34/64 MP: 7/7
  4020 | D:6      | Reached skill level 12 in Axes
  4183 | D:6      | Reached * piety under Makhleb
  4199 | D:6      | Reached skill level 13 in Axes
  4313 | D:6      | Found a stormy altar of Qazlal.
  4348 | D:6      | Reached skill level 1 in Dodging
  4383 | D:6      | Reached XP level 9. HP: 15/71 MP: 8/8
  4810 | D:6      | Killed from afar by an electric eel

Vault maps used:
D:1:      mrwooster_arrival_arrow
D:2:      first_ration, minmay_surrounded
D:4:      lemuel_doored_altar
D:5:      kennysheep_mini, temple_statues, serial_shops, shop,
          minmay_misc_feat_cross, okawaru_altar_gauntlet_db, uniq_menkaure
D:6:      wad_lake_hut, nicolae_overflow_crystal_walls, nzn_random_ring
Temple:   eino_temple_rhombus

Skill      XL: |  1  2  3  4  5  6  7  8 |
---------------+-------------------------+-----
Axes           | 3 4 5 6 7 9 11 13 | 13.3
Dodging        | 1 |  1.8
Fighting       | 4 |  4.3
Armour         | |  3.6
Shields        | |  3.6

Action                   |  1- 3 |  4- 6 |  7- 9 || total
-------------------------+-------+-------+-------++-------
Melee: War axe           |    88 |   181 |   212 ||   481
       Headbutt          |    13 |    30 |    40 ||    83
  Eat: Chunk             |     1 |     6 |     6 ||    13
Armor: Scale mail        |    33 |    65 |       ||    98
       Plate armour      |       |    24 |   111 ||   135
Dodge: Dodged            |    22 |    46 |    19 ||    87
Block: Shield            |    36 |    77 |    90 ||   203

Table legend:
 A = Spawn XP
 B = Non-spawn XP
 C = Spawn XP percentage of total XP
 D = Spawn monster count
 E = Non-spawn monster count
 F = Spawn count percentage of total count
 G = Total turns spent on level
                    A         B        C        D         E        F      G
               +---------+---------+-------+---------+---------+-------+---------
         Total |       0 |    2851 |   0.0 |       0 |     162 |   0.0 |  4810
               +---------+---------+-------+---------+---------+-------+---------
           D:1 |       0 |      51 |   0.0 |       0 |      25 |   0.0 |   716
           D:2 |       0 |     106 |   0.0 |       0 |      29 |   0.0 |   839
           D:3 |       0 |     130 |   0.0 |       0 |      29 |   0.0 |   602
           D:4 |       0 |     156 |   0.0 |       0 |      14 |   0.0 |   625
           D:5 |       0 |     805 |   0.0 |       0 |      30 |   0.0 |   818
           D:6 |       0 |    1603 |   0.0 |       0 |      35 |   0.0 |  1196
               +---------+---------+-------+---------+---------+-------+---------
